 Dungeon Sprint DCSS version 0.30-a0-1116-gebefce21f7 (webtiles) character file.

Game seed: 1466520303322454516

100123 fozzywoppz the Impregnable (level 16, -15/154 HPs)
             Began as a Formicid Fighter on Apr 21, 2023.
             Was the Champion of Qazlal.
             Killed from afar by a Hell Sentinel (42 damage)
             ... with damnation
             ... in the Dungeon (Sprint V: "Ziggurat Sprint").
             The game lasted 00:22:55 (2394 turns).

fozzywoppz the Impregnable (Formicid Fighter)       Turns: 2394, Time: 00:22:55

Health: -15/154    AC: 45    Str: 36    XL:     16   Next: 78%
Magic:  9/41       EV: 20    Int: 12    God:    Qazlal [******]
Gold:   0          SH: 35    Dex: 17    Spells: 15/15 levels left

rFire   + . .      SeeInvis +    J - +1 morningstar of the Blind Eye {heavy, Int+2}
rCold   + + .      Faith    .    A - +3 tower shield
rNeg    + . .      Spirit   .    B - +9 gold dragon scales
rPois   +          Reflect  +    (helmet unavailable)
rElec   +          Rampage  .    (no cloak)
rCorr   .                        P - +3 pair of gauntlets of War {Slay+5}
Will    ++...                    H - +2 pair of slick slippers {slick, slippery, EV+4} Stlth
                                 M - amulet "Umayll" {Reflect rElec rC+ rN+ Will+ SH+5}
HPRegen 0.45/turn                x - +6 ring of strength
MPRegen 0.27/turn                l - ring "Durats" {*Corrode rPois MP+9 Str+7 Stlth+}

@: protected from physical damage, studying 3 skills, repel missiles
A: permanent stasis, dig shafts and tunnels, antennae 3, four strong arms
a: Dig, Renounce Religion, Upheaval, Elemental Force, Disaster Area


You were in the Dungeon.
You worshipped Qazlal.
Qazlal was exalted by your worship.
You visited 1 branch

Inventory:

Hand Weapons
 b - the +10 dark maul {heavy}
   (You found it in the Dungeon)
 c - the +7 great mace "Firestarter" {flame, immolate, rFlCloud rF++}
   (You found it in the Dungeon)

   rFlCloud:  It grants immunity to clouds of flame.
   rF:        It greatly protects you from fire.
 J - the +1 morningstar of the Blind Eye (weapon) {heavy, Int+2}
   (You found it in the Dungeon)

   Int:       It affects your intelligence (+2).
 O - the +8 whip "Snakebite" {venom, curare, rPois}
   (You took it off a yaktaur in the Dungeon)

   rPois:     It protects you from poison.
Armour
 A - a +3 tower shield (worn)
 B - +9 gold dragon scales (worn)
 H - the +2 pair of slick slippers (worn) {slick, slippery, EV+4}
   (You found it in the Dungeon)

   Slick:     Its wearer cannot be constricted, engulfed, netted or webbed.
   Slippery:  Its wearer slips away from damaging melee attacks, pulling the
   attacker onward.
   EV:        It affects your evasion (+4).
 P - the +3 pair of gauntlets of War (worn) {Slay+5}
   (You found it in the Dungeon)

   Slay:      It affects your accuracy & damage with ranged weapons and melee
   (+5).
Jewellery
 f - a ring of willpower
 l - the ring "Durats" (right hand) {*Corrode rPois MP+9 Str+7 Stlth+}
   (You found it in the Dungeon)

   [ring of magical power]

   Str:       It affects your strength (+7).
   rPois:     It protects you from poison.
   MP:        It affects your magic capacity (+9).
   *Corrode:  It may corrode you when you take damage.
   Stlth:     It makes you more stealthy.
 o - a ring of poison resistance
 s - a +6 ring of intelligence
 x - a +6 ring of strength (left hand)
 C - the brooch of Shielding {Spirit SH+8}
   (You found it in the Dungeon)

   [amulet of guardian spirit]

   It causes incoming damage to be divided between your reserves of health and
   magic.
   SH:        It affects your SH (+8).
 D - a +4 ring of slaying
 G - a +5 ring of evasion
 K - the ring "Yshroxigg" {Will+ rCorr}
   (You found it in the Dungeon)

   [ring of resist corrosion]

   rCorr:     It protects you from acid and corrosion.
   Will:      It increases your willpower.
 L - the amulet of Ophin {RegenMP Fly}
   (You found it in the Dungeon)

   [amulet of magic regeneration]

   It increases your rate of magic regeneration.
   Fly:       It grants you flight.
 M - the amulet "Umayll" (around neck) {Reflect rElec rC+ rN+ Will+ SH+5}
   (You took it off a yaktaur in the Dungeon)

   [amulet of reflection]

   It reflects blocked missile attacks.
   rC:        It protects you from cold.
   rElec:     It insulates you from electricity.
   rN:        It protects you from negative energy.
   SH:        It affects your SH (+5).
   Will:      It increases your willpower.
 N - the ring "Vihyuj" {rN+ Will+ Str+2}
   (You took it off a merfolk javelineer in the Dungeon)

   [ring of willpower]

   Str:       It affects your strength (+2).
   rN:        It protects you from negative energy.
   Will:      It increases your willpower.
Wands
 q - a wand of mindburst (20)
 r - a wand of quicksilver (18)
 v - a wand of digging (21)
 w - a wand of polymorph (12)
 z - a wand of flame (71)
 E - a wand of paralysis (41)
 I - a wand of roots (30)
Scrolls
 a - 3 scrolls of brand weapon
 h - 4 scrolls of blinking
 m - 4 scrolls of amnesia
 n - 6 scrolls of fog
 p - 2 scrolls of fear
Potions
 d - 5 potions of might
 e - 5 potions of curing
 g - 7 potions of magic
 i - 2 potions of brilliance
 j - 2 potions of invisibility
 k - 4 potions of resistance
Miscellaneous
 t - a lightning rod (4/4)
 u - a phantom mirror
 y - a tin of tremorstones (2/2)
 F - a phial of floods


   Skills:
 + Level 22.2 Fighting
 + Level 23.2 Maces & Flails
 + Level 26.4 Armour
 + Level 19.2 Dodging
 + Level 14.4 Shields
 + Level 25.4 Invocations
 - Level 5.0 Evocations


You had 15 spell levels left.
You didn't know any spells.
Your spell library contained the following spells:

 Spells                   Type           Power      Damage    Failure   Level
 Apportation              Tloc           0%         N/A       99%         1
 Foxfire                  Conj/Fire      0%         2x1d4     99%         1
 Kiss of Death            Conj/Necr      0%         2d5       99%         1
 Necrotise                Necr           0%         1d4       99%         1
 Sandblast                Erth           0%         2d4       99%         1
 Shock                    Conj/Air       0%         1d3       99%         1
 Sting                    Tmut/Pois      0%         1d3       99%         1
 Summon Small Mammal      Summ           0%         N/A       99%         1
 Ensorcelled Hibernation  Hex/Ice        0%         N/A       99%         2
 Passwall                 Tmut/Erth      0%         N/A       99%         2
 Poisonous Vapours        Pois/Air       0%         N/A       99%         2
 Scorch                   Fire           0%         2d5       99%         2
 Static Discharge         Conj/Air       0%         2-2/arc   99%         2
 Sublimation of Blood     Necr           0%         N/A       99%         2
 Wereblood                Tmut           0%         N/A       99%         2
 Confusing Touch          Hex            0%         N/A       100%        3
 Dazzling Flash           Conj/Hex       0%         N/A       100%        3
 Hailstorm                Conj/Ice       0%         3d3       100%        3
 Ignite Poison            Fire/Tmut/Pois 0%         N/A       100%        3
 Inner Flame              Hex/Fire       0%         N/A       100%        3
 Mephitic Cloud           Conj/Pois/Air  0%         N/A       100%        3
 Ozocubu's Armour         Ice            0%         N/A       100%        3
 Stone Arrow              Conj/Erth      0%         3d7       100%        3
 Vampiric Draining        Necr           0%         2d6       100%        3
 Airstrike                Air            0%         2d(0-16)  100%        4
 Anguish                  Hex/Necr       0%         N/A       100%        4
 Dispel Undead            Necr           0%         3d6       100%        4
 Flame Wave               Conj/Fire      0%         2d4       100%        4
 Ice Form                 Ice/Tmut       0%         N/A       100%        4
 Leda's Liquefaction      Hex/Erth       0%         N/A       100%        4
 Manifold Assault         Tloc           0%         N/A       100%        4
 Olgreb's Toxic Radiance  Pois           0%         N/A       100%        4
 Passage of Golubria      Tloc           0%         N/A       100%        4
 Petrify                  Tmut/Erth      0%         N/A       100%        4
 Summon Lightning Spire   Summ/Air       0%         N/A       100%        4
 Agony                    Necr           0%         N/A       100%        5
 Alistair's Intoxication  Tmut/Pois      0%         N/A       100%        5
 Borgnjor's Vile Clutch   Necr/Erth      0%         N/A       100%        5
 Freezing Cloud           Conj/Ice/Air   0%         6-21      100%        5
 Irradiate                Conj/Tmut      0%         3d11      100%        5
 Lee's Rapid Deconstruct  Erth           0%         3d4*      100%        5
 Metabolic Englaciation   Hex/Ice        0%         N/A       100%        5
 Silence                  Hex/Air        0%         N/A       100%        5
 Summon Forest            Summ/Tloc      0%         N/A       100%        5
 Summon Mana Viper        Hex/Summ       0%         N/A       100%        5
 Dispersal                Tloc           0%         N/A       100%        6
 Eringya's Noxious Bog    Tmut/Pois      0%         N/A       100%        6
 Iron Shot                Conj/Erth      0%         9d1       100%        6
 Simulacrum               Ice/Necr       0%         N/A       100%        6
 Starburst                Conj/Fire      0%         6d3       100%        6
 Statue Form              Tmut/Erth      0%         N/A       100%        6
 Summon Cactus Giant      Summ           0%         N/A       100%        6
 Haunt                    Necr/Summ      0%         N/A       100%        7
 Spellforged Servitor     Conj/Summ      0%         N/A       100%        7
 Storm Form               Tmut/Air       0%         N/A       100%        7
 Summon Hydra             Summ           0%         N/A       100%        7
 Disjunction              Tloc           0%         N/A       100%        8
 Lehudib's Crystal Spear  Conj/Erth      0%         10d2      100%        8
 Maxwell's Capacitive Co  Air            0%         ∞         100%        8


Dungeon Overview and Level Annotations

Branches:
Dungeon (1/1)

Altars:
Ashenzari
Cheibriados
Dithmenos
Elyvilon
Fedhas
Gozag
Hepliaklqana
Kikubaaqudgha
Makhleb
Nemelex Xobeh
Okawaru
Qazlal
Ru
Sif Muna
Trog
Uskayaw
Vehumet
Wu Jian
Xom
Yredelemnul
Zin
The Shining One
Jiyva
Lugonu


Innate Abilities, Weirdness & Mutations

You cannot be hasted, slowed, berserked, paralysed or teleported.
You can dig through walls and to a lower floor.
You have a pair of large antennae on your head. (SInv)
Your four strong arms can wield two-handed weapons with a shield.


Message History

Found six items.
The Hell Sentinel is no longer encased in ice.
You block the iron golem's attack. x2
You sock the iron golem!
The iron golem is almost destroyed.
The iron golem is no longer encased in ice. x2
A quicksilver elemental comes into view.
You block the iron golem's attack. x3; The iron golem completely misses you.
The quicksilver elemental moves out of view.
Unknown command.
You puncture the iron golem!
The iron golem is almost destroyed.
The iron golem is no longer encased in ice.
The iron golem hits you!!
* * * LOW HITPOINT WARNING * * *
You slip backwards!
You stick the iron golem like a pincushion!!!
You destroy the iron golem!
Qazlal accepts your kill.
Unknown command.
You impale the iron golem!!
The iron golem is severely damaged.
You block the iron golem's attack. The iron golem hits you.
* * * LOW HITPOINT WARNING * * *
Activating: Disaster Area (0% risk of failure)
Press: ? - help, Dir - look around, f - activate
Okay, then.
Aiming: Upheaval
Press: ? - help, Dir - move target The ground shakes violently, spewing rubble!
The blast of rubble hits the iron golem!
The iron golem is almost destroyed.
You block the iron golem's attack. x2
Unknown command.
You spit the iron golem like a pig!!!!
You destroy the iron golem!
Qazlal accepts your kill. The Hell Sentinel gestures at you.
The sphere of damnation explodes!
The damnation engulfs you!!!
You die...

..|)[|≈)).≈≈≈▓..........
▓≈≈......)≈....≈▓.......)..
▓≈≈..≈....≈≈...≈▓..........
▓......≈.≈≈≈≈≈≈.▓..........
▓..≈...†≈≈......▓..........
▓..≈.≈...≈≈9.≈≈.▓......©...
.≈.....1§§°.≈.≈▓▓▓▓▓▓▓▓▓▓▓
▓...≈≈○°▓ . ▓▓≈..○@▓▓ .
...▓....○.°▓...
..≈≈≈..≈≈.○§.≈≈
▓.≈≈.≈≈.©...≈...▓
▓▓▓▓▓▓▓▓▓▓▓▓▓▓▓▓▓


{{{{ {{{{{{{{{{ {{ {{{{{{{{{{{{{ {{ {{{{{{{{{{{{{ { You could see an iron golem
and a Hell Sentinel.

Vanquished Creatures
  An ancient lich (D)
  5 caustic shrikes (D)
  2 electric golems (D)
  2 iron giants (D)
  A titan (D)
  4 Hell Sentinels (D)
  A deep elf master archer (D)
  6 storm dragons (D)
  2 frost giants (D)
  4 quicksilver elementals (D)
  An emperor scorpion (D)
  3 stone giants (D)
  A broodmother (D)
  2 war gargoyles (D)
  A vampire knight (D)
  A green draconian (D)
  A yellow draconian (D)
  A spark wasp (D)
  2 iron golems (D)
  A blizzard demon (D)
  4 merfolk javelineers (D)
  4 merfolk impalers (D)
  2 entropy weavers (D)
  6 spriggan air magi (D)
  5 merfolk aquamancers (D)
  3 centaur warriors (D)
  A boulder beetle (D)
  2 alligator snapping turtles (D)
  A skyshark (D)
  A sun moth (D)
  5 crystal echidnas (D)
  6 skeletal warriors (D)
  2 sea snakes (D)
  A spriggan druid (D)
  7 necromancers (D)
  A wolf spider (D)
  A cyclops (D)
  A shining eye (D)
  5 draconians (D)
  2 manticores (D)
  4 black mambas (D)
  A black mamba (shapeshifter) (D)
  2 merfolk sirens (D)
  4 moths of wrath (D)
  A water nymph (D)
  4 eyes of devastation (D)
  3 cane toads (D)
  A naga mage (D)
  A torpor snail (D)
  A hellion (D)
  A freezing wraith (D)
  3 yaktaurs (D)
  4 komodo dragons (D)
  3 ice devils (D)
  A meliai (D)
  2 merfolk (D)
  A polar bear (D)
  7 wind drakes (D)
  A hornet (shapeshifter) (D)
  A hornet (D)
  3 tarantellas (D)
  2 snapping turtles (D)
  A blink frog (D)
  A culicivora (D)
  3 shadows (D)
  A slime creature (D)
  A culicivora (shapeshifter) (D)
  2 spriggans (D)
  3 jumping spiders (D)
  2 water elementals (D)
  7 air elementals (D)
  A yak (D)
  2 vampires (D)
  A wyvern (D)
  A basilisk (D)
  2 golden eyes (D)
  2 neqoxecs (D)
  A golden eye (shapeshifter) (D)
  2 redbacks (D)
  A naga (D)
  3 water moccasins (D)
  2 ice beasts (D)
  An ice beast (shapeshifter) (D)
  A black bear (D)
  A black bear (shapeshifter) (D)
  A tengu (shapeshifter) (D)
  A wolf (D)
  4 necrophages (D)
  2 bullfrogs (D)
  A scorpion (D)
  3 wights (D)
  5 jellies (D)
  A mummy (D)
  2 adders (D)
  2 adder simulacra (D)
  5 bat zombies (D)
  An endoplasm (D)
  A ball python simulacrum (D)
  2 ball python skeletons (D)
  3 ball python zombies (D)
  A jackal simulacrum (D)
  A jackal zombie (D)
  A quokka simulacrum (D)
  A quokka zombie (D)
233 creatures vanquished.

Vanquished Creatures (collateral kills)
  A hydra (D)
  A lindwurm (D)
2 creatures vanquished.

Vanquished Creatures (others)
  A blizzard demon (D)
  A polar bear (D)
2 creatures vanquished.

Grand Total: 237 creatures vanquished

Notes
Turn   | Place    | Note
-------+----------+-------------------------------------------
     0 | D        | fozzywoppz the Formicid Fighter began the quest for the
                  | Orb.
     0 | D        | Reached XP level 1. HP: 18/18 MP: 1/1
     0 | D        | Found a shimmering blue altar of Sif Muna.
     0 | D        | Found a sacrificial altar of Ru.
     0 | D        | Found a bloodstained altar of Trog.
     0 | D        | Found a stormy altar of Qazlal.
     0 | D        | Found an iron altar of Okawaru.
     0 | D        | Found a sparkling altar of Nemelex Xobeh.
     0 | D        | Found a blossoming altar of Fedhas.
     0 | D        | Found the +6 Majin-Bo {spellvamp, MP+6 Int+6}
     0 | D        | Found the +27 heavy crossbow "Sniper" {heavy, Acc+∞ SInv}
     0 | D        | Found the +10 dark maul {heavy}
     0 | D        | Found the +15 Maxwell's patent armour {-Cast -Tele rElec
                  | Will+ rCorr}
     0 | D        | Found the +18 shield of the Gong {Loud rN+ Will+ rCorr
                  | EV-5}
     0 | D        | Found the +16 obsidian axe {drain, demonic, Mesm Drain Fly
                  | SInv}
     0 | D        | Found the +7 great mace "Firestarter" {flame, immolate,
                  | rFlCloud rF++}
     0 | D        | Found the +6 shillelagh "Devastator" {shatter}
     0 | D        | Found the +11 plutonium sword {Contam Stlth-}
     0 | D        | Found the +8 lance "Wyrmbane" {slay drac, rPois rF+ rC+
                  | AC+3}
     0 | D        | Found the +9 sword of Zonguldrok {reap}
     0 | D        | Found the +13 scythe of Curses {drain, curses, Drain}
     0 | D        | Found the +9 sword of Power {lifebolt}
     0 | D        | Found the +7 mace of Variability {chaos, chaos arc}
     0 | D        | Found the +11 Singing Sword {sonic wave}
     0 | D        | Found the +8 storm bow {elec, penet}
     2 | D        | Found a transporter.
     2 | D        | Found an ancient bone altar of Kikubaaqudgha.
     2 | D        | Found a viscous altar of Jiyva.
     2 | D        | Found a corrupted altar of Lugonu.
     2 | D        | Found a hazy altar of Hepliaklqana.
     2 | D        | Found a burning altar of Makhleb.
     2 | D        | Found an opulent altar of Gozag.
   120 | D        | Became a worshipper of Qazlal Stormbringer
   128 | D        | Entered arena 2.
   128 | D        | Noticed a polar bear
   128 | D        | Found a transporter.
   134 | D        | Killed a polar bear
   135 | D        | Reached skill level 7 in Armour
   135 | D        | Reached XP level 2. HP: 31/31 MP: 1/6
   135 | D        | Reached XP level 3. HP: 36/36 MP: 1/7
   135 | D        | Reached XP level 4. HP: 43/43 MP: 1/9
   135 | D        | Reached XP level 5. HP: 48/48 MP: 1/10
   135 | D        | Reached XP level 6. HP: 55/55 MP: 1/11
   141 | D        | Got Notod's Dissertation on Poison and Ouranomancy
   220 | D        | Entered arena 3.
   220 | D        | Found a transporter.
   222 | D        | Reached * piety under Qazlal
   235 | D        | Entered arena 4.
   235 | D        | Found a transporter.
   238 | D        | Reached ** piety under Qazlal
   240 | D        | Reached skill level 1 in Dodging
   253 | D        | Reached skill level 9 in Armour
   253 | D        | Reached XP level 7. HP: 64/64 MP: 11/13
   256 | D        | Entered arena 5.
   256 | D        | Noticed a spriggan
   256 | D        | Noticed a spriggan
   256 | D        | Found a transporter.
   258 | D        | Killed a spriggan
   258 | D        | Reached *** piety under Qazlal
   259 | D        | Reached XP level 8. HP: 71/71 MP: 11/15
   260 | D        | Killed a spriggan
   261 | D        | Reached skill level 5 in Dodging
   261 | D        | Reached skill level 10 in Invocations
   269 | D        | Got the ring "Durats" {*Corrode rPois MP+9 Str+7 Stlth+}
   329 | D        | Entered arena 6.
   329 | D        | Noticed a tarantella
   329 | D        | Noticed a jumping spider
   329 | D        | Noticed a tarantella
   329 | D        | Noticed a tarantella
   329 | D        | Found a transporter.
   334 | D        | Killed a tarantella
   334 | D        | Reached **** piety under Qazlal
   335 | D        | Reached skill level 10 in Fighting
   335 | D        | Reached skill level 10 in Armour
   335 | D        | Killed a tarantella
   335 | D        | Killed a tarantella
   336 | D        | Reached XP level 9. HP: 71/79 MP: 17/17
   336 | D        | Reached ***** piety under Qazlal
   355 | D        | Entered arena 7.
   355 | D        | Noticed a black mamba
   355 | D        | Noticed a naga mage
   356 | D        | Found a transporter.
   358 | D        | Reached skill level 11 in Armour
   360 | D        | Killed a black mamba
   361 | D        | Reached skill level 10 in Maces & Flails
   363 | D        | Killed a naga mage
   378 | D        | Entered arena 8.
   378 | D        | Found the +3 hat of Pondering {ponderous, Will+ MP+10
                  | Int+5}
   378 | D        | Noticed a shining eye
   378 | D        | Noticed an eye of devastation
   382 | D        | Reached XP level 10. HP: 76/89 MP: 19/19
   383 | D        | Killed an eye of devastation
   384 | D        | Reached skill level 12 in Armour
   384 | D        | Found a transporter.
   385 | D        | Killed a shining eye
   401 | D        | Entered arena 9.
   401 | D        | Noticed a draconian
   401 | D        | Noticed a draconian
   401 | D        | Noticed a green draconian
   401 | D        | Noticed a draconian
   401 | D        | Noticed a draconian
   401 | D        | Noticed a draconian
   401 | D        | Noticed a yellow draconian
   403 | D        | Found a transporter.
   409 | D        | Killed a draconian
   409 | D        | Killed a draconian
   409 | D        | Killed a draconian
   409 | D        | Reached ****** piety under Qazlal
   410 | D        | Reached skill level 13 in Armour
   412 | D        | Killed a yellow draconian
   413 | D        | Killed a green draconian
   413 | D        | Killed a draconian
   414 | D        | Reached skill level 14 in Armour
   414 | D        | Reached XP level 11. HP: 36/98 MP: 21/21
   414 | D        | Killed a draconian
   431 | D        | Got the staff of air "Ebroarphi" {rElec rPois Int+2}
   469 | D        | Entered arena 10.
   471 | D        | Found a transporter.
   480 | D        | Reached skill level 15 in Armour
   480 | D        | Reached skill level 10 in Dodging
   502 | D        | Reached skill level 15 in Invocations
   518 | D        | Got the +1 morningstar of the Blind Eye {heavy, Int+2}
   557 | D        | Entered arena 11.
   557 | D        | Noticed a harpy
   559 | D        | a harpy changed into a culicivora
   567 | D        | Found a transporter.
   573 | D        | Got the ring "Yshroxigg" {Will+ rCorr}
   577 | D        | Got the amulet of Ophin {RegenMP Fly}
   600 | D        | Entered arena 12.
   600 | D        | Noticed a deep elf master archer
   600 | D        | Noticed a stone giant
   600 | D        | Noticed a cyclops
   600 | D        | Noticed a centaur warrior
   600 | D        | Noticed a centaur warrior
   600 | D        | Noticed a stone giant
   601 | D        | Noticed a stone giant
   601 | D        | Identified the amulet "Umayll" {Reflect rElec rC+ rN+ Will+
                  | SH+5}
   603 | D        | Killed a stone giant
   603 | D        | Killed a centaur warrior
   603 | D        | Killed a centaur warrior
   603 | D        | Killed a cyclops
   603 | D        | Killed a deep elf master archer
   604 | D        | Reached skill level 15 in Fighting
   604 | D        | Reached skill level 17 in Armour
   604 | D        | Reached XP level 12. HP: 41/109 MP: 23/24
   604 | D        | Found a transporter.
   607 | D        | HP: 5/109 [stone giant (13)]
   609 | D        | Killed a stone giant
   609 | D        | Killed a stone giant
   610 | D        | Reached skill level 15 in Maces & Flails
   610 | D        | Reached skill level 18 in Armour
   615 | D        | Got the amulet of the Komtur {Faith Int+2}
   621 | D        | Got the Spellbook of the Burning Cure
   685 | D        | Entered arena 13.
   685 | D        | Found the brooch of Shielding {Spirit SH+8}
   685 | D        | Noticed a skeletal warrior
   685 | D        | Noticed an ancient lich
   686 | D        | Noticed a vampire knight
   687 | D        | Killed a vampire knight
   687 | D        | Killed a skeletal warrior
   691 | D        | Found a transporter.
   699 | D        | Killed an ancient lich
   700 | D        | Reached skill level 19 in Armour
   700 | D        | Reached XP level 13. HP: 110/115 MP: 26/26
   740 | D        | Entered arena 14.
   740 | D        | Noticed a spriggan air mage
   741 | D        | Noticed a five-headed hydra
   741 | D        | Noticed a spriggan air mage
   750 | D        | Killed a five-headed hydra
   751 | D        | Found a transporter.
   757 | D        | Killed a spriggan air mage
   759 | D        | Killed a spriggan air mage
   784 | D        | Got the Essays on Nasty Lamentation
   992 | D        | Entered arena 15.
   993 | D        | Noticed a merfolk javelineer
   993 | D        | Noticed an alligator snapping turtle
   993 | D        | Found the +5 scythe "Finisher" {speed, execute}
   994 | D        | Noticed a merfolk impaler
   995 | D        | Found a transporter.
   996 | D        | Killed a merfolk javelineer
   996 | D        | Killed a merfolk impaler
   997 | D        | Reached skill level 20 in Armour
   999 | D        | Killed an alligator snapping turtle
  1165 | D        | Entered arena 16.
  1175 | D        | Reached XP level 14. HP: 116/126 MP: 28/28
  1183 | D        | Found a transporter.
  1201 | D        | Got Kikubaaqudgha's Book of Necromancy and Bedrock
  1215 | D        | Got the Vellum of Topography and Force
  1224 | D        | Entered arena 17.
  1228 | D        | Noticed a frost giant
  1228 | D        | Noticed a frost giant
  1230 | D        | Found the +3 greatsling "Punk" {acid, rCorr}
  1235 | D        | Found a transporter.
  1237 | D        | Killed a frost giant
  1238 | D        | Reached skill level 21 in Armour
  1239 | D        | Killed a frost giant
  1240 | D        | Reached skill level 15 in Dodging
  1256 | D        | Got the Handbook of Petrified Transmigration
  1361 | D        | Entered arena 18.
  1364 | D        | Identified the +15 plate armour of Inaesolo {Fly MP-9 Dex+4
                  | SInv}
  1366 | D        | Identified the +7 chain mail of Xom {Int+4}
  1366 | D        | Identified the ring "Vihyuj" {rN+ Will+ Str+2}
  1369 | D        | Found a transporter.
  1619 | D        | Entered arena 19.
  1621 | D        | Noticed a broodmother
  1621 | D        | Noticed an emperor scorpion
  1621 | D        | Noticed a spark wasp
  1623 | D        | Reached skill level 22 in Armour
  1623 | D        | Killed a spark wasp
  1624 | D        | Reached XP level 15. HP: 137/137 MP: 29/30
  1625 | D        | Killed a broodmother
  1630 | D        | HP: 2/138 [torpor snail (8)]
  1634 | D        | Killed an emperor scorpion
  1636 | D        | Reached skill level 5 in Evocations
  1636 | D        | Found the +2 pair of slick slippers {slick, slippery, EV+4}
  1637 | D        | Found a transporter.
  1889 | D        | Entered arena 20.
  1894 | D        | Identified the +6 falchion of Defence by Offence {heavy,
                  | Str+3 Dex+4}
  1914 | D        | Reached skill level 23 in Armour
  1936 | D        | Found a transporter.
  2117 | D        | Entered arena 21.
  2120 | D        | Noticed a storm dragon
  2121 | D        | Noticed an electric golem
  2121 | D        | Noticed a storm dragon
  2121 | D        | Noticed a storm dragon
  2121 | D        | Noticed a titan
  2121 | D        | Noticed a storm dragon
  2122 | D        | Killed a storm dragon
  2122 | D        | Killed a storm dragon
  2122 | D        | Killed a storm dragon
  2122 | D        | Killed an electric golem
  2122 | D        | Noticed an electric golem
  2123 | D        | Reached skill level 24 in Armour
  2123 | D        | Noticed a storm dragon
  2124 | D        | Noticed a storm dragon
  2124 | D        | Found the +3 pair of gauntlets of War {Slay+5}
  2130 | D        | Killed a titan
  2130 | D        | Killed a storm dragon
  2130 | D        | Killed an electric golem
  2131 | D        | Killed a storm dragon
  2132 | D        | Killed a storm dragon
  2135 | D        | Found a transporter.
  2147 | D        | Got the Grimoire of the Subzero Lithosphere
  2157 | D        | Got the Precepts of Despicable Magic and Bombardment
  2374 | D        | Entered arena 22.
  2376 | D        | Noticed a caustic shrike
  2377 | D        | Noticed a war gargoyle
  2377 | D        | Noticed an iron giant
  2377 | D        | Noticed a Hell Sentinel
  2377 | D        | Noticed a quicksilver elemental
  2378 | D        | Killed a war gargoyle
  2378 | D        | Killed a quicksilver elemental
  2378 | D        | Killed an iron giant
  2378 | D        | Killed a caustic shrike
  2378 | D        | Noticed an iron giant
  2378 | D        | Noticed a Hell Sentinel
  2379 | D        | Reached skill level 25 in Armour
  2379 | D        | Reached skill level 10 in Shields
  2379 | D        | Reached XP level 16. HP: 139/150 MP: 31/32
  2379 | D        | Noticed a caustic shrike
  2379 | D        | Noticed a Hell Sentinel
  2379 | D        | Noticed a caustic shrike
  2379 | D        | Noticed a quicksilver elemental
  2380 | D        | Killed a caustic shrike
  2380 | D        | Noticed a caustic shrike
  2381 | D        | Noticed a Hell Sentinel
  2381 | D        | Killed an iron giant
  2381 | D        | Killed a quicksilver elemental
  2381 | D        | Killed a Hell Sentinel
  2382 | D        | Killed a Hell Sentinel
  2382 | D        | Killed a caustic shrike
  2382 | D        | Killed a caustic shrike
  2382 | D        | Killed a caustic shrike
  2382 | D        | Killed a Hell Sentinel
  2383 | D        | Reached skill level 26 in Armour
  2384 | D        | Noticed a quicksilver elemental
  2385 | D        | Noticed a quicksilver elemental
  2385 | D        | Noticed a quicksilver elemental
  2386 | D        | Killed a Hell Sentinel
  2386 | D        | Noticed a Hell Sentinel
  2387 | D        | Killed a quicksilver elemental
  2387 | D        | Killed a quicksilver elemental
  2389 | D        | Noticed a quicksilver elemental
  2394 | D        | Killed from afar by a Hell Sentinel

Illustrated notes

Levels and vault maps discovered:
D:        sprint_v [room_start, room_1, room_2, room_3, room_4, room_5, room_6,
          room_7, room_8, room_9, room_10, room_11, room_12, room_13, room_14,
          room_15, room_16, room_17, room_18, room_19, room_20, room_21,
          room_22, room_23, room_24, room_25, room_26, room_27]

Skill      XL: |  1  2  3  4  5  6  7  8  9 10 11 12 13 14 15 16 |
---------------+-------------------------------------------------+-----
Fighting       | 7 9 10 11 13 15 16 18 20 22 | 22.2
Maces & Flails | 6 7 8 9 10 12 14 16 17 20 22 23 | 23.2
Armour         | 7 9 10 11 14 17 19 20 22 25 26 | 26.4
Invocations    | 6 9 11 12 14 16 18 20 22 24 25 | 25.4
Dodging        | 4 6 7 9 11 13 14 16 18 19 | 19.2
Evocations     | 3 5 |  5.0
Shields        | 10 14 | 14.4

Action                     |  1- 3 |  4- 6 |  7- 9 | 10-12 | 13-15 | 16-18 || total
---------------------------+-------+-------+-------+-------+-------+-------++-------
  Melee: Great mace        |     5 |     9 |    13 |    33 |    47 |       ||   107
         Maul              |       |       |       |       |    37 |       ||    37
         Punch             |       |       |       |       |     1 |       ||     1
         Morningstar       |       |       |       |       |     5 |    10 ||    15
 Invoke: Upheaval          |       |       |     1 |     6 |     6 |     1 ||    14
         Disaster Area     |       |       |       |     2 |     7 |     3 ||    12
         Elemental Force   |       |       |       |       |     2 |       ||     2
    Use: Potion            |       |     1 |     2 |     8 |     6 |       ||    17
         Scroll            |       |       |       |       |     5 |       ||     5
   Stab: Paralysed         |       |       |       |       |     1 |       ||     1
 Armour: Gold dragon scale |    17 |    12 |    26 |    25 |    96 |     2 ||   178
  Dodge: Dodged            |     4 |     6 |    12 |    36 |   154 |     1 ||   213
         Repelled          |       |       |     1 |     1 |     4 |       ||     6
  Block: Other             |       |     1 |     5 |     9 |   118 |       ||   133
         Reflection        |       |       |       |       |     1 |       ||     1
         Tower shield      |       |       |       |       |    22 |    15 ||    37

Table legend: (Time is in decaauts)
 A = Elapsed time spent in this place.
 B = Non-inter-level travel time spent in this place.
 C = Inter-level travel time spent in this place.
 D = Time resting spent in this place.
 E = Time spent auto-exploring this place.
 F = Levels seen in this place.
 G = Mean time per level.
                   A        B        C        D        E       F      G
               +--------+--------+--------+--------+--------+-----+--------+
         Total |   2468 |   2468 |      0 |   1330 |      0 |   1 | 2468.0 |
       Dungeon |   2468 |   2468 |      0 |   1330 |      0 |   1 | 2468.0 |
               +--------+--------+--------+--------+--------+-----+--------+

Top non-repeatable levels by time:
       D: 2468 daAuts
